Map: Year Zero LE

Players

Smileblind - Winner!

  • Race: Protoss Protoss
  • Spawn Location: 1:00

VOD

Have the link to the VOD?

Description

Time

  • Played on: Jan. 27, 2019, 4:34 p.m.
  • Length: 21:00
Show
View Real Time Build Order
Export as new Build Order

Smileblind Protoss - Winner!

Build Orders:  

Get SALT Encoding   

  12  0:05  Probe (Chrono Boost)  
  13  0:23  Pylon  
  13  0:25  Probe (Chrono Boost)  
  14  0:36  Probe (Chrono Boost)  
  14  0:48  Probe (Chrono Boost)  
  16  1:05  Probe (Chrono Boost)  
  17  1:10  Gateway  
  17  1:22  Probe (Chrono Boost)  
  17  1:28  Pylon  
  18  1:35  Assimilator  
  18  1:39  Probe (Chrono Boost)  
  19  1:47  Assimilator  
  19  1:56  Probe (Chrono Boost)  
  20  2:13  Probe (Chrono Boost)  
  21  2:22  Cybernetics Core  
  21  2:27  Zealot  
  21  2:29  Gateway  
  24  2:30  Probe (Chrono Boost)  
  24  2:41  Probe (Chrono Boost)  
  25  2:53  Probe (Chrono Boost)  
  26  3:07  Probe (Chrono Boost)  
  27  3:21  Pylon  
  27  3:25  Stalker  
  29  3:47  Nexus  
  30  4:01  Probe (Chrono Boost)  
  30  4:15  Robotics Facility  
  30  4:18  Probe (Chrono Boost)  
  31  4:35  Probe (Chrono Boost)  
  31  4:37  Warp Gate  
  32  4:40  Robotics Facility  
  32  4:49  Shield Battery  
  32  4:51  Shield Battery  
  32  5:04  Stalker  
  34  5:12  Probe (Chrono Boost)  
  35  5:29  Probe (Chrono Boost)  
  36  5:31  Pylon  
  36  5:34  Probe (Chrono Boost)  
  36  5:39  Pylon  
  37  5:46  Probe x2 (Chrono Boost)  
  39  5:59  Probe (Chrono Boost)  
  39  6:03  Probe (Chrono Boost)  
  39  6:05  Stalker  
  43  6:16  Probe (Chrono Boost)  
  45  6:20  Probe (Chrono Boost)  
  45  6:22  Immortal  
  49  6:33  Probe (Chrono Boost)  
  49  6:34  Assimilator  
  49  6:37  Probe (Chrono Boost)  
  49  6:38  Observer  
  49  6:39  Assimilator  
  53  6:50  Probe (Chrono Boost)  
  53  6:54  Probe (Chrono Boost)  
  54  7:01  Shield Battery  
  54  7:06  Twilight Council  
  54  7:07  Probe (Chrono Boost)  
  54  7:08  Stalker  
  54  7:09  Stalker  
  59  7:23  Immortal  
  59  7:24  Probe (Chrono Boost)  
  64  7:44  Immortal  
  68  8:10  Nexus  
  68  8:17  Pylon  
  68  8:21  Stalker  
  68  8:23  Pylon  
  70  8:34  Pylon  
  70  8:42  Immortal x2  
  78  9:01  Gateway  
  78  9:03  Gateway  
  78  9:08  Probe (Chrono Boost)  
  79  9:25  Probe (Chrono Boost)  
  79  9:27  Probe (Chrono Boost)  
  81  9:36  Gateway  
  82  9:40  Gateway  
  82  9:42  Probe (Chrono Boost)  
  82  9:44  Shield Battery, Probe (Chrono Boost)  
  82  9:48  Charge  
  82  9:49  Probe (Chrono Boost)  
  83  9:50  Shield Battery  
  85  10:01  Probe x2 (Chrono Boost)  
  84  10:13  Probe (Chrono Boost)  
  84  10:18  Probe (Chrono Boost)  
  71  10:30  Probe (Chrono Boost)  
  71  10:35  Probe (Chrono Boost)  
  71  10:38  Immortal x2  
  80  10:46  Pylon  
  80  10:47  Probe (Chrono Boost)  
  80  10:49  Shield Battery  
  81  11:00  Assimilator  
  81  11:07  Assimilator  
  81  11:08  Probe (Chrono Boost)  
  82  11:11  Forge  
  82  11:17  Dark Shrine  
  82  11:21  Probe (Chrono Boost)  
  82  11:23  Stargate x2  
  83  11:32  Probe (Chrono Boost)  
  83  11:33  Immortal  
  83  11:36  Gateway  
  83  11:39  Zealot x2  
  92  11:43  Zealot x2  
  92  11:45  Probe (Chrono Boost)  
  97  11:51  Zealot x2  
  97  11:55  Protoss Ground Weapons Level 1  
  102  12:00  Warp Prism  
  102  12:02  Probe (Chrono Boost)  
  104  12:19  Probe (Chrono Boost)  
  105  12:27  Dark Shrine  
  105  12:33  Void Ray x2  
  105  12:38  Blink  
  113  12:49  Fleet Beacon  
  113  12:57  Pylon  
  113  13:00  Pylon  
  113  13:03  Pylon  
  113  13:13  Immortal  
  117  13:22  Immortal  
  117  13:25  Dark Templar  
  117  13:26  Dark Templar x2, Carrier  
  127  13:30  Dark Templar  
  135  14:07  Immortal  
  139  14:15  Probe (Chrono Boost)  
  140  14:29  Protoss Air Weapons Level 1  
  140  14:32  Probe (Chrono Boost)  
  141  14:56  Carrier  
  141  15:01  Pylon  
  141  15:04  Pylon  
  141  15:05  Carrier  
  141  15:10  Pylon  
  141  15:13  Pylon  
  141  15:16  Stargate  
  141  15:17  Pylon  
  141  15:25  Pylon  
  141  15:29  Immortal, Probe (Chrono Boost)  
  158  15:46  Probe (Chrono Boost)  
  148  16:03  Carrier  
  140  16:10  Dark Templar  
  140  16:11  Dark Templar x3  
  148  16:26  Carrier  
  154  16:58  Carrier  
  150  17:25  Nexus  
  156  17:33  Carrier  
  156  17:42  Observer x2  
  164  18:12  Immortal  
  164  18:13  Dark Templar  
  164  18:14  Dark Templar x2  
  157  19:08  Dark Templar  
  157  19:09  Dark Templar x4  
Tags
 
Add a new tag
Caveats
  • Supply blocks, unpowered buildings, or Contaminate may cause inaccurate times.
  • Supply counts are checked every 10 seconds.